 Dungeon Crawl Stone Soup version 0.29-a0-872-g797fff5ad1 (webtiles) character file.

Game seed: 6533051423297831263

2035 hquester1 the Covered (level 9, -2/78 HPs)
             Began as a Minotaur Fighter on July 18, 2022.
             Slain by a six-headed hydra (9 damage)
             ... on level 6 of the Dungeon.
             The game lasted 00:11:21 (6040 turns).

hquester1 the Covered (Minotaur Fighter)            Turns: 6040, Time: 00:11:22

Health: -2/78      AC: 10    Str: 23    XL:     9   Next: 4%
Magic:  8/8        EV: 10    Int:  5    God:
Gold:   325        SH:  6    Dex: 18    Spells: 8/8 levels left

rFire   . . .      SeeInvis .   b - +0 flail
rCold   . . .      Faith    .   c - +0 buckler
rNeg    . . .      Spirit   .   m - +0 chain mail
rPois   .          Reflect  .   (helmet restricted)
rElec   .          Harm     .   (no cloak)
rCorr   .          Rampage  .   (no gloves)
Will    .....                   (no boots)
Stlth   ..........              (no amulet)
HPRegen 0.23/turn               l - +4 ring of slaying
MPRegen 0.11/turn               A - +6 ring of dexterity

@: no status effects
A: horns 2, retaliatory headbutt
a: no special abilities


You were on level 6 of the Dungeon.
You visited 2 branches of the dungeon, and saw 7 of its levels.

You collected 325 gold pieces.

Inventory:

Hand Weapons
 b - a +0 flail (weapon)
 v - a +2 broad axe of freezing
Armour
 c - a +0 buckler (worn)
 m - a +0 chain mail (worn)
Jewellery
 l - a +4 ring of slaying (left hand)
 u - a ring of protection from fire
 A - a +6 ring of dexterity (right hand)
Wands
 i - a wand of acid (9)
 p - a wand of flame (27)
 t - a wand of digging (9)
 B - a wand of paralysis (10)
Scrolls
 f - 2 scrolls of amnesia
 g - a scroll of magic mapping {unknown}
 h - a scroll of teleportation {unknown}
 j - a scroll of enchant weapon {unknown}
 k - a scroll of fog {unknown}
 q - 2 scrolls of noise {unknown}
 r - a scroll of immolation {unknown}
 s - a scroll of blinking
 y - a scroll of enchant armour {unknown}
 C - 2 scrolls of identify
 D - a scroll of fear {unknown}
Potions
 a - a potion of magic
 d - 2 potions of might
 e - a potion of berserk rage {unknown}
 n - 2 potions of flight
 o - a potion of lignification {unknown}
 w - a potion of curing {unknown}
 x - a potion of cancellation {unknown}
 z - a potion of heal wounds {unknown}


   Skills:
 + Level 6.7 Fighting
 + Level 6.2 Axes
 + Level 6.9 Armour
 + Level 5.0 Dodging
 + Level 4.1 Stealth
 + Level 6.8 Shields


You had 8 spell levels left.
You didn't know any spells.
Your spell library contained the following spells:

 Spells                   Type           Power      Damage    Failure   Level
 Static Discharge         Conj/Air       0%         3-3/arc   100%        2
 Fireball                 Conj/Fire      0%         3d3       100%        5
 Freezing Cloud           Conj/Ice/Air   0%         6-21      100%        5
 Iskenderun's Battlesphe  Conj           0%         2d6       100%        5


Dungeon Overview and Level Annotations

Branches:
Dungeon (6/15)             Temple (1/1) D:5

Altars:
Ashenzari
Cheibriados
Dithmenos
Elyvilon
Fedhas
Hepliaklqana
Makhleb
Nemelex Xobeh
Qazlal
Ru
Trog
Vehumet
Wu Jian
Xom
Yredelemnul
Zin


Innate Abilities, Weirdness & Mutations

You have a pair of horns on your head.
You reflexively headbutt those who attack you in melee.


Message History

Your Dodging skill increases to level 5!
You have reached level 9!
Your experience leads to an increase in your attributes!
Your base attributes are Str 23, Int 5, Dex 10.
Increase (S)trength, (I)ntelligence, or (D)exterity?
You feel agile. x2
A six-headed hydra comes into view.
The six-headed hydra roars!
The six-headed hydra moves out of view.
You now have 325 gold pieces (gained 23).
Your +2 broad axe of freezing stops glowing.
b - a +0 flail (weapon)
You bludgeon the six-headed hydra!! You headbutt the six-headed hydra.
The six-headed hydra is moderately wounded.
The six-headed hydra bites you. x2
The six-headed hydra bites you but does no damage. x4
You hit the six-headed hydra. You headbutt the six-headed hydra.
The six-headed hydra is heavily wounded.
The six-headed hydra bites you but does no damage.
The six-headed hydra bites you.
The six-headed hydra bites you but does no damage.
The six-headed hydra bites you!
The six-headed hydra bites you but does no damage.
The six-headed hydra bites you.
You hit the six-headed hydra.
The six-headed hydra is heavily wounded.
The six-headed hydra bites you! x3
The six-headed hydra closely misses you.
The six-headed hydra bites you but does no damage.
The six-headed hydra bites you!
* * * LOW HITPOINT WARNING * * *
You sock the six-headed hydra! You headbutt the six-headed hydra!
The six-headed hydra is almost dead.
The six-headed hydra bites you but does no damage. x2
The six-headed hydra bites you!
* * * LOW HITPOINT WARNING * * *
The six-headed hydra bites you but does no damage.
The six-headed hydra closely misses you.
The six-headed hydra bites you!
You die...

##. #.. .# #.### .#
#(#.## .#
#########..#.## .#
#.......#.###.# .#
........#..#.####.#
........#.###.#.D.#
........#..#.#.#@###
........#.########.#
.......†...........#
........#..##......##
.......#..#.........##
#.....##.##.####.....#
#.....##.#..##.>.....#
...#>.##.#.###.##....#
.........#..........###


You could see a six-headed hydra.

Vanquished Creatures
  A troll (D:6)
  Menkaure (D:4)
  Duvessa (D:6)
  2 black bears
  2 ogres
  A kobold brigand (D:6)
  4 necrophages
  4 scorpions
  Dowan (D:6)
  A howler monkey (D:6)
  6 hounds
  3 jellies
  Terence (D:3)
  5 iguanas
  An orc wizard (D:6)
  3 gnolls (D:4)
  6 adders
  2 white imps (D:5)
  A worm (D:3)
  A dart slug (D:4)
  7 orcs (D:6)
  3 endoplasms
  2 giant cockroaches (D:1)
  7 goblins
  6 hobgoblins
  A quokka (D:2)
  11 ball pythons
  4 bats
  3 frilled lizards
  16 kobolds
  4 rats
111 creatures vanquished.

Vanquished Creatures (others)
  A wizard (D:4)
1 creature vanquished.

Grand Total: 112 creatures vanquished

Notes
Turn   | Place    | Note
-------+----------+-------------------------------------------
     0 | D:1      | hquester1 the Minotaur Fighter began the quest for the Orb.
     0 | D:1      | Reached XP level 1. HP: 19/19 MP: 0/0
   177 | D:1      | Reached XP level 2. HP: 26/27 MP: 1/1
   181 | D:1      | Found a faded altar of an unknown god.
   459 | D:1      | Reached skill level 1 in Dodging
   607 | D:1      | Reached XP level 3. HP: 33/33 MP: 2/2
  1356 | D:2      | Got the Enchiridion on Combustion and Damage Dealing
  1559 | D:3      | Reached skill level 1 in Stealth
  1559 | D:3      | Reached XP level 4. HP: 39/40 MP: 3/3
  1720 | D:3      | Noticed Terence
  1725 | D:3      | Killed Terence
  2126 | D:4      | Noticed a black bear
  2132 | D:4      | Killed a black bear
  2133 | D:4      | Reached XP level 5. HP: 47/47 MP: 4/4
  2273 | D:4      | Reached XP level 6. HP: 32/55 MP: 5/5
  3254 | D:4      | Noticed Menkaure
  3258 | D:4      | Killed Menkaure
  3259 | D:4      | Reached skill level 5 in Fighting
  3259 | D:4      | Reached skill level 5 in Armour
  3259 | D:4      | Reached skill level 5 in Shields
  3259 | D:4      | Reached XP level 7. HP: 61/61 MP: 6/6
  3319 | D:4      | Found a bloodstained altar of Trog.
  3320 | D:4      | Noticed a wizard
  3327 | D:4      | Killed a wizard
  3375 | D:5      | Entered Level 5 of the Dungeon
  4149 | D:5      | Found a staircase to the Ecumenical Temple.
  4155 | Temple   | Entered the Ecumenical Temple
  4488 | D:5      | Found a sacrificial altar of Ru.
  4492 | D:5      | Found an ornate altar of the Wu Jian Council.
  4497 | D:5      | Found a shadowy altar of Dithmenos.
  4623 | D:5      | Reached skill level 5 in Axes
  4623 | D:5      | Reached XP level 8. HP: 70/70 MP: 7/7
  5516 | D:6      | Noticed Dowan
  5518 | D:6      | Noticed Duvessa
  5534 | D:6      | Killed Dowan
  5535 | D:6      | Killed Duvessa
  6008 | D:6      | Noticed a troll
  6013 | D:6      | Killed a troll
  6014 | D:6      | Reached skill level 5 in Dodging
  6014 | D:6      | Reached XP level 9. HP: 73/78 MP: 8/8
  6034 | D:6      | Noticed a six-headed hydra
  6040 | D:6      | Slain by a six-headed hydra

Illustrated notes

Levels and vault maps discovered:
D:1:      psy_arrival_basics, layout_basic, nicolae_ecumenical_snake_handling,
          grunt_decor_junction
D:2:      layout_rooms, minmay_between
D:3:      layout_loops_cross, uniq_terence
D:4:      layout_basic, trog_wizard, uniq_menkaure
D:5:      layout_layer_cave, grunt_temple_overflow_diamond, temple_fountains,
          hangedman_abyss_or_decor_passed
D:6:      layout_rooms, hex_tiny, minmay_misc_feat_columns, minmay_small_thing,
          uniq_duvessa
Temple:   nicolae_temple_slightly_damp_pantheon

Skill      XL: |  1  2  3  4  5  6  7  8 |
---------------+-------------------------+-----
Dodging        | 1 2 3 5 |  5.0
Fighting       | 4 5 6 |  6.7
Shields        | 4 5 6 |  6.8
Axes           | 3 4 5 6 |  6.2
Armour         | 4 5 6 |  6.9
Stealth        | 1 2 3 4 |  4.1

Action                   |  1- 3 |  4- 6 |  7- 9 || total
-------------------------+-------+-------+-------++-------
Melee: War axe           |    84 |     8 |       ||    92
       Headbutt          |    10 |     9 |    16 ||    35
       Broad axe         |       |    46 |    85 ||   131
       Flail             |       |       |     4 ||     4
  Use: Scroll            |     2 |       |     3 ||     5
Armor: Scale mail        |    31 |    19 |    20 ||    70
       Chain mail        |       |       |    31 ||    31
Dodge: Dodged            |    47 |    24 |    32 ||   103
Block: Buckler           |    17 |    12 |    28 ||    57

Table legend: (Time is in decaauts)
 A = Elapsed time spent in this place.
 B = Non-inter-level travel time spent in this place.
 C = Inter-level travel time spent in this place.
 D = Time resting spent in this place.
 E = Time spent auto-exploring this place.
 F = Levels seen in this place.
 G = Mean time per level.
                   A        B        C        D        E       F      G
               +--------+--------+--------+--------+--------+-----+--------+
         Total |   6126 |   5846 |    280 |    489 |   4475 |   7 |  875.1 |
       Dungeon |   5941 |   5680 |    261 |    489 |   4321 |   6 |  990.2 |
        Temple |    185 |    166 |     19 |      0 |    154 |   1 |  185.0 |
               +--------+--------+--------+--------+--------+-----+--------+

Top non-repeatable levels by time:
     D:5: 1718 daAuts
     D:4: 1286 daAuts
     D:1: 819 daAuts
     D:6: 793 daAuts
     D:2: 729 daAuts
     D:3: 594 daAuts
  Temple: 185 daAuts
